 Dungeon Crawl Stone Soup version 0.30.1-3-gfc49f6343a (webtiles) character file.

Game seed: 17501110759754129084

128 monsoonserge the Magician (level 4, -1/34 HPs)
             Began as a Draconian Hedge Wizard on Aug 4, 2023.
             Slain by an adder (3 damage)
             ... on level 3 of the Dungeon.
             The game lasted 00:07:40 (1791 turns).

monsoonserge the Magician (Draconian Hedge Wizard)  Turns: 1791, Time: 00:07:41

Health: -1/34      AC:  5    Str: 12    XL:     4   Next: 86%
Magic:  5/8        EV: 12    Int: 17    God:
Gold:   99         SH:  0    Dex: 10    Spells: 1/9 levels left

rFire   . . .        v - +2 glaive (venom)
rCold   . . .        (shield currently unavailable)
rNeg    . . .        (body armour unavailable)
rPois   .            b - +0 hat
rElec   .            (no cloak)
rCorr   .            (no gloves)
SInv    .            (no boots)
Will    .....        (no amulet)
Stlth   ++           (no ring)
HPRegen 0.25/turn    (no ring)
MPRegen 0.11/turn

%: no passive effects
@: brilliant, attractive
A: AC +5, unfitting armour, cold-blooded
a: no special abilities


You were on level 3 of the Dungeon.
You visited 1 branch of the dungeon, and saw 3 of its levels.

You collected 99 gold pieces.

Inventory:

Hand Weapons
 v - a +2 glaive of venom (weapon)
Missiles
 p - 6 boomerangs
 u - 4 poisoned darts
Armour
 b - a +0 hat (worn)
Wands
 r - a wand of light (11)
Scrolls
 e - 2 scrolls of identify {unknown}
 h - a scroll of blinking {unknown}
 i - a scroll of fog {unknown}
 j - a scroll of poison {unknown}
 k - a scroll of enchant armour {unknown}
 m - a scroll of fear {unknown}
 t - a scroll of amnesia {unknown}
Potions
 a - 2 potions of attraction
 c - a potion of magic
 d - a potion of flight {unknown}
 f - a potion of haste {unknown}
 g - a potion of curing {unknown}
 l - a potion of degeneration {unknown}
 n - 2 potions of heal wounds {unknown}
 o - 2 potions of brilliance
 q - a potion of berserk rage {unknown}
 s - 2 potions of might {unknown}


   Skills:
 + Level 0.8 Fighting
 - Level 1.0 Short Blades
 + Level 0.9 Polearms
 + Level 2.3 Dodging
 - Level 2.0 Stealth
 + Level 3.0 Spellcasting
 + Level 1.8 Conjurations
 * Level 2.4 Summonings
 * Level 2.0 Translocations
 + Level 1.0 Evocations


You had one spell level left.
You knew the following spells:

 Your Spells              Type           Power      Damage    Failure   Level
a - Magic Dart            Conj           52%        1d5       9%          1
b - Blink                 Tloc           28%        N/A       12%         2
c - Call Imp              Summ           32%        N/A       10%         2
d - Mephitic Cloud        Conj/Pois/Air  7%         N/A       38%         3

Your spell library contained the following spells:

 Spells                   Type           Power      Damage    Failure   Level
 Slow                     Hex            12%        N/A       17%         1
 Cigotuvi's Dreadful Rot  Necr/Pois/Air  6%         N/A       26%         2
 Confusing Touch          Hex            3%         N/A       45%         3
 Ozocubu's Armour         Ice            3%         N/A       45%         3
 Vampiric Draining        Necr           3%         2d6       45%         3
 Metabolic Englaciation   Hex/Ice        1%         N/A       99%         5
 Simulacrum               Ice/Necr       1%         N/A       100%        6
 Ozocubu's Refrigeration  Ice            1%         4d7       100%        7


Dungeon Overview and Level Annotations

Branches:
Dungeon (3/15)

Altars:
Okawaru


Innate Abilities, Weirdness & Mutations

Your plain brown scales are hard. (AC +5)
You cannot fit into any form of body armour.
You are cold-blooded and may be slowed by cold attacks.


Message History

The adder misses you.
The hobgoblin closely misses your cerulean imp.
Your cerulean imp barely misses the adder.
You closely miss the adder.
The adder is severely wounded.
You feel sick. The adder bites you. x2
* * * LOW HITPOINT WARNING * * *
The hobgoblin closely misses your cerulean imp.
Your cerulean imp closely misses the adder.
The adder bites you but does no damage.
The hobgoblin completely misses your cerulean imp.
Casting: Call Imp (safe; 10% risk of failure)
Confirm with . or Enter, or press ? or * to list all spells.
Okay, then.
You miss the adder.
The adder is severely wounded.
You feel sick.
Your cerulean imp hits the adder but does no damage.
The adder bites you but does no damage. The hobgoblin misses your cerulean imp.
Your cerulean imp closely misses the adder.
The adder bites you but does no damage.
You miss the adder.
The adder is severely wounded.
You feel sick. The adder bites you.
* * * LOW HITPOINT WARNING * * *
The hobgoblin hits your cerulean imp but does no damage.
Your cerulean imp closely misses the adder.
The adder closely misses you.
The hobgoblin closely misses your cerulean imp.
Your cerulean imp misses the adder.
It was a potion of attraction.
You feel attractive to monsters.
You feel sick.
You are no longer poisoned.
The adder bites you but does no damage. The hobgoblin misses your cerulean imp.
Your cerulean imp barely misses the adder.
It was a potion of brilliance.
You feel clever all of a sudden. The adder bites you.
You die...

#######
......###########
)...........(...# #
#####.###.##.##.####.###
# #............g.....<
#####.######.###5SJ.....
......# #.###@###.##?
#####.## #.....#
..>....# #######
#####..# # #..# # #..# #
#..# #..# #####<.#


You could see an adder (ally target), an endoplasm, a hobgoblin and a friendly
cerulean imp (summoned).

Vanquished Creatures
  A scorpion (D:3)
  A hound (D:3)
  A worm (D:2)
  6 endoplasms
  A giant cockroach (D:1)
  2 goblins (D:3)
  A hobgoblin (D:1)
  2 quokkas
  5 ball pythons
  2 bats
  2 frilled lizards (D:2)
  A kobold (D:2)
  4 rats (D:2)
29 creatures vanquished.

Vanquished Creatures (collateral kills)
  An adder (D:2)
1 creature vanquished.

Grand Total: 30 creatures vanquished

Notes
Turn   | Place    | Note
-------+----------+-------------------------------------------
     0 | D:1      | monsoonserge the Draconian Hedge Wizard began the quest for
                  | the Orb.
     0 | D:1      | Reached XP level 1. HP: 14/14 MP: 4/4
   397 | D:1      | Reached XP level 2. HP: 20/20 MP: 3/6
   400 | D:1      | Learned a level 2 spell: Blink
   403 | D:1      | Learned a level 2 spell: Call Imp
   946 | D:2      | Reached skill level 1 in Short Blades
  1052 | D:2      | Reached XP level 3. HP: 26/26 MP: 7/7
  1430 | D:3      | Noticed a scorpion
  1486 | D:3      | Killed a scorpion
  1487 | D:3      | Reached skill level 1 in Evocations
  1487 | D:3      | Reached XP level 4. HP: 14/34 MP: 1/8
  1571 | D:3      | Learned a level 3 spell: Mephitic Cloud
  1688 | D:3      | Found an iron altar of Okawaru.
  1791 | D:3      | Slain by an adder

Illustrated notes

Levels and vault maps discovered:
D:1:      scummos_arrival_hexagon, layout_rooms
D:2:      layout_rooms, serial_corexii_hall, chequers_hall_statues_y,
          chequers_hall_statues_y, kennysheep_cross_bottleneck
D:3:      layout_loops_ring, kennysheep_okawaru_gauntlet,
          nicolae_dithmenos_the_darkroom

Skill      XL: |  1  2  3 |
---------------+----------+-----
Stealth        | 2 |  2.0
Dodging        | 2 |  2.3
Short Blades   | 1 |  1.0
Summonings     | 2 |  2.4
Translocations | 2 |  2.0
Evocations     | 1 |  1.0
Fighting       | |  0.8
Polearms       | |  0.9
Spellcasting   | |  3.0
Conjurations   | |  1.8

Action                     |  1- 3 |  4- 6 || total
---------------------------+-------+-------++-------
  Melee: Dagger            |    16 |       ||    16
         Short sword       |     6 |       ||     6
         Tailslap          |     6 |       ||     6
         Spear             |    45 |     3 ||    48
         Glaive            |       |     8 ||     8
   Cast: Magic Dart        |    42 |     5 ||    47
         Call Imp          |     3 |     1 ||     4
         Blink             |     1 |       ||     1
  Evoke: Wand              |     1 |       ||     1
    Use: Potion            |       |     2 ||     2
 Armour: Skin              |    18 |     7 ||    25
  Dodge: Dodged            |    38 |     7 ||    45
